 Dungeon Crawl Stone Soup version 0.23.2-1-ga50397a (webtiles) character file.

Game seed: 14769550012552981500

2716 Brandominion011 the Fighter (level 9, -19/82 HPs)
             Began as a Minotaur Fighter on May 22, 2019.
             Was a Follower of Nemelex Xobeh.
             Demolished by a two-headed ogre
             ... wielding a +0 giant club
              (22 damage)
             ... on level 8 of the Dungeon.
             The game lasted 00:34:37 (5590 turns).

Brandominion011 the Fighter (Minotaur Fighter)      Turns: 5590, Time: 00:34:44

Health: -19/82     AC: 10    Str: 22    XL:     9   Next: 39%
Magic:  8/8        EV:  8    Int:  5    God:    Nemelex Xobeh [*.....]
Gold:   460        SH: 11    Dex: 12    Spells: 8/8 levels left

rFire    . . .     SeeInvis .   t - +2 war axe (elec)
rCold    + . .     Gourm    .   c - +0 shield
rNeg     . . .     Faith    .   b - +0 scale mail
rPois    .         Spirit   .   (helmet restricted)
rElec    .         Reflect  .   (no cloak)
rCorr    .         Harm     .   m - +1 pair of gloves
MR       .....                  (no boots)
Stlth    ..........             (no amulet)
HPRegen  0.23/turn              i - ring of protection from fire
MPRegen  0.11/turn              x - ring of ice

@: no status effects
A: retaliatory headbutt, horns 2
a: Draw Escape, Draw Destruction, Draw Summoning, Renounce Religion


You were on level 8 of the Dungeon.
You worshipped Nemelex Xobeh.
Nemelex Xobeh was aware of your devotion.
You were not hungry.

You visited 2 branches of the dungeon, and saw 9 of its levels.

You collected 460 gold pieces.

Inventory:

Hand Weapons
 t - a +2 war axe of electrocution (weapon)
Missiles
 y - 4 tomahawks (quivered)
Armour
 b - a +0 scale mail (worn)
 c - a +0 shield (worn)
 m - a +1 pair of gloves (worn)
Jewellery
 i - a ring of protection from fire (left hand)
 q - an uncursed ring of protection from fire
 x - a ring of ice (right hand)
Wands
 a - a wand of acid (3)
 d - a wand of flame (28)
 n - a wand of disintegration (19)
Scrolls
 j - 4 scrolls of remove curse
 u - a scroll of blinking
 z - a scroll of teleportation
 A - 2 scrolls of identify
Potions
 e - 2 potions of cancellation
 g - 2 potions of heal wounds
 h - a potion of resistance
 k - a potion of haste
 o - a potion of magic
 p - a potion of might
 r - a potion of lignification
 s - a potion of curing
 w - a potion of flight
Comestibles
 f - 17 rations
 l - 8 chunks of flesh


   Skills:
 + Level 8.6 Fighting
 + Level 8.0 Axes
 + Level 8.5 Armour
 + Level 8.6 Shields


You had 8 spell levels left.
You didn't know any spells.
Your spell library was empty.

Dungeon Overview and Level Annotations

Branches:
Dungeon (8/15)             Temple (1/1) D:6
   Lair: D:8-11

Altars:
Ashenzari
Cheibriados
Dithmenos
Elyvilon
Fedhas
Gozag
Hepliaklqana
Kikubaaqudgha
Makhleb
Nemelex Xobeh
Qazlal
Ru
Sif Muna
Trog
Uskayaw
Vehumet
Wu Jian
Xom
Yredelemnul
Zin
The Shining One

Shops:
D:7 %


Innate Abilities, Weirdness & Mutations

You reflexively headbutt those who attack you in melee.
You have a pair of horns on your head.


Message History

The hornet evaporates and reforms as a black bear!
The black bear twists and deforms.
You feel yourself speed up. You block the black bear's attack. x2
The black bear claws you but does no damage.
You barely miss the black bear. You hit the two-headed ogre.
The two-headed ogre hits you with a +0 giant club!
* * * LOW HITPOINT WARNING * * *
The two-headed ogre closely misses you.
The black bear bites you but does no damage.
The black bear claws you.
* * * LOW HITPOINT WARNING * * *
You block the black bear's attack.
You draw a card...
You have drawn the Elixir.
You begin rapidly regenerating.
The two-headed ogre hits you with a +0 giant club!!
* * * LOW HITPOINT WARNING * * *
The two-headed ogre hits you with a +0 giant club!!
You die...
Xom howls with laughter!
Your body glows slightly and disappears.

#.... .#.##.#......#
##.... .............#
#.>...
.............######.....
.............#..........
$..............#####....
..............# #....
......h†......# #....
.....)O@......## ##...
...............######...
...................[..##
........##.)######.))##
#..####.##...# ###.# ..
#.##...######..# .
#........##...##
#...........###
##..........#


You could see a two-headed ogre and a black bear.

Vanquished Creatures
  The ghost of WaifuGate the Covert, a novice OpEn of Dithmenos (D:5)
  A hippogriff (D:7)
  A tarantella (shapeshifter) (D:4)
  An ice beast (D:7)
  A hornet zombie (D:5)
  2 phantoms
  A centaur (D:7)
  2 big kobolds (D:3)
  Blork the orc (D:5)
  A bullfrog (D:8)
  A wyvern zombie (D:8)
  3 howler monkeys (D:7)
  A bullfrog zombie (D:7)
  A crimson imp (D:5)
  A quasit (D:7)
  3 orc wizards (D:6)
  Crazy Yiuf (D:5)
  4 orc priests
  5 hounds
  Natasha (thrice) (D:4)
  6 worker ants
  6 gnolls (D:3)
  10 adders
  An ooze (D:3)
  3 worms
  A dart slug (D:1)
  6 leopard geckos
  20 orcs
  10 bats
  10 giant cockroaches
  41 hobgoblins
  5 jackals
  A quokka (D:2)
  A ball python (D:3)
  7 frilled lizards
  A giant cockroach zombie (D:5)
  43 goblins
  10 kobolds
  A leopard gecko zombie (D:5)
  A quokka skeleton (D:5)
  4 rats
223 creatures vanquished.

Vanquished Creatures (collateral kills)
  A big kobold (D:3)
  Ijyb (D:4)
  Robin (D:4)
  2 goblins (D:4)
5 creatures vanquished.

Grand Total: 228 creatures vanquished

Notes
Turn   | Place    | Note
-------+----------+-------------------------------------------
     0 | D:1      | Brandominion011 the Minotaur Fighter began the quest for
                  | the Orb.
     0 | D:1      | Reached XP level 1. HP: 19/19 MP: 0/0
   232 | D:1      | Reached XP level 2. HP: 20/27 MP: 1/1
   654 | D:1      | Reached XP level 3. HP: 33/33 MP: 2/2
   817 | D:2      | Found a shimmering altar of Xom.
   831 | D:2      | Reached XP level 4. HP: 36/41 MP: 3/3
   846 | D:2      | Became a worshipper of Xom of Bloodstained Whimsey
   982 | D:2      | XOM: smoke on damage
  1128 | D:2      | Found a burning altar of Makhleb.
  1133 | D:2      | XOM: divination: detect items
  1165 | D:2      | XOM: smoke on damage
  1277 | D:3      | Found a blossoming altar of Fedhas.
  1354 | D:3      | Found a hazy altar of Hepliaklqana.
  1354 | D:3      | Reached XP level 5. HP: 44/47 MP: 4/4
  1536 | D:3      | XOM: harmless Pois miscast
  1542 | D:3      | Reached skill level 5 in Fighting
  1615 | D:3      | Reached skill level 5 in Shields
  1617 | D:3      | Reached skill level 5 in Armour
  1679 | D:3      | XOM: confuse monster(s)
  1746 | D:3      | Reached XP level 6. HP: 55/56 MP: 5/5
  1819 | D:3      | XOM: enchant monster (good)
  1829 | D:3      | XOM is BORED!
  1829 | D:3      | XOM: noise
  1831 | D:3      | XOM: divination: detect items
  1838 | D:3      | XOM: cast spell 'Death Channel'
  1857 | D:3      | XOM: medium Hex miscast
  1905 | D:3      | Reached skill level 5 in Axes
  1905 | D:3      | Reached XP level 7. HP: 49/62 MP: 6/6
  2078 | D:3      | Found a snail-covered altar of Cheibriados.
  2079 | D:3      | Found a hide-covered altar of Uskayaw.
  2286 | D:4      | Noticed Natasha
  2290 | D:4      | Killed Natasha
  2446 | D:4      | Noticed a glowing shapeshifter
  2446 | D:4      | a hound changed into a glowing shapeshifter
  2446 | D:4      | XOM: polymorph hound -> glowing shapeshifter
  2446 | D:4      | Noticed a swamp dragon
  2446 | D:4      | a glowing shapeshifter changed into a swamp dragon
  2449 | D:4      | Noticed a tarantella
  2449 | D:4      | a swamp dragon changed into a tarantella
  2451 | D:4      | Killed a tarantella
  2507 | D:4      | Noticed Ijyb
  2512 | D:4      | Noticed Natasha
  2513 | D:4      | XOM: summons friendly quasit
  2522 | D:4      | Killed Ijyb
  2525 | D:4      | Killed Natasha
  2531 | D:4      | Noticed Robin
  2542 | D:4      | Killed Robin
  2774 | D:4      | XOM: scenery: create altars
  2932 | D:4      | Noticed Natasha
  2941 | D:4      | Killed Natasha
  3056 | D:5      | Entered Level 5 of the Dungeon
  3068 | D:5      | Reached XP level 8. HP: 71/71 MP: 7/7
  3287 | D:5      | Found a runed translucent door.
  3290 | D:5      | Noticed WaifuGate's ghost (novice OpEn)
  3311 | D:5      | Killed WaifuGate's ghost
  3587 | D:5      | XOM: medium Necr miscast
  3642 | D:5      | Noticed Blork the orc
  3656 | D:5      | Killed Blork the orc
  3746 | D:5      | Found a runed translucent door.
  3747 | D:5      | Noticed Crazy Yiuf
  3754 | D:5      | Killed Crazy Yiuf
  4263 | D:6      | Found a staircase to the Ecumenical Temple.
  4269 | Temple   | Entered the Ecumenical Temple
  4286 | Temple   | Fell from the grace of Xom
  4286 | Temple   | Became a worshipper of Nemelex Xobeh the Trickster
  4340 | D:6      | Received a gift from Nemelex Xobeh
  4401 | D:6      | XOM: god gift: wand of disintegration (13)
  4435 | D:6      | Found an opulent altar of Gozag.
  4661 | D:7      | Reached XP level 9. HP: 81/81 MP: 8/8
  4711 | D:7      | Found a shadowy altar of Dithmenos.
  4733 | D:7      | Found an ornate altar of the Wu Jian Council.
  4876 | D:7      | XOM: noise
  5124 | D:7      | Reached * piety under Nemelex Xobeh
  5179 | D:7      | Found a stormy altar of Qazlal.
  5226 | D:7      | XOM: medium Tloc miscast
  5374 | D:7      | Received a gift from Nemelex Xobeh
  5387 | D:7      | Found Fitsusm's Food Emporium.
  5534 | D:8      | XOM: noise
  5583 | D:8      | Noticed a two-headed ogre
  5584 | D:8      | Paralysed by a hornet for 1 turns
  5590 | D:8      | HP: 3/82 [two-headed ogre/+0 giant club (27)]
  5590 | D:8      | Demolished by a two-headed ogre

Skill      XL: |  1  2  3  4  5  6  7  8  9 |
---------------+----------------------------+-----
Fighting       | 4 5 6 8 |  8.6
Shields        | 4 5 6 7 8 |  8.6
Armour         | 4 5 6 7 8 |  8.5
Axes           | 3 4 5 6 7 8 |  8.0

Action                   |  1- 3 |  4- 6 |  7- 9 || total
-------------------------+-------+-------+-------++-------
Melee: War axe           |    90 |   154 |   243 ||   487
       Headbutt          |     7 |    24 |    46 ||    77
 Abil: Draw Escape       |       |       |     1 ||     1
       Draw Destruction  |       |       |     1 ||     1
  Use: Scroll            |       |     7 |    11 ||    18
       Potion            |       |     2 |     2 ||     4
 Stab: Distracted        |       |       |     1 ||     1
  Eat: Chunk             |       |     4 |    12 ||    16
Armor: Scale mail        |    53 |    81 |    94 ||   228
Dodge: Dodged            |    38 |    66 |    79 ||   183
Block: Shield            |    64 |   100 |   138 ||   302
